 Dungeon Crawl Stone Soup version 0.18-a0-1539-g1c7284a (webtiles) character file.

43280 Duffy the Fighter (level 13, 56/118 HPs)
             Began as a Grey Draconian Fire Elementalist on Mar 9, 2016.
             Was the Champion of Cheibriados.
             Quit the game on level 13 of the Dungeon.
             The game lasted 00:59:37 (26640 turns).

Duffy the Fighter (DrFE)                           Turns: 26640, Time: 00:59:37

Health: 56/118     AC: 19    Str: 25    XL:     13   Next: 90%
Magic:  38/41      EV: 24    Int: 41    God:    Cheibriados [******]
Gold:   942        SH:  0    Dex: 27    Spells: 5 memorised, 9 levels left

rFire  . . .     SeeInvis .     a - +3 broad axe
rCold  . . .     Gourm    .     (armour unavailable)
rNeg   + . .     Faith    +     (no shield)
rPois  .         Spirit   .     j - +3 hat of Pondering {ponderous, MR+ MP+10 Int+5}
rElec  .         Dismiss  .     f - +0 cloak
rCorr  .         Reflect  .     R - +0 pair of gloves
SustAt .         Harm     .     H - +0 pair of boots
MR     +....                    i - amulet of faith
Stlth  ++++......               q - ring of magical power
                                d - ring of positive energy

@: very slow, somewhat resistant to hostile enchantments, stealthy
A: walk through water, unfitting armour, unbreathing, cold-blooded, AC +13
a: Bend Time, Temporal Distortion, Slouch, Step From Time, Renounce Religion


You were on level 13 of the Dungeon.
You worshipped Cheibriados.
Cheibriados was exalted by your worship.
You were not hungry.

You visited 4 branches of the dungeon, and saw 20 of its levels.
You also visited: Ice Cave.

You collected 1270 gold pieces.
You spent 328 gold pieces at shops.


Innate Abilities, Weirdness & Mutations

You can walk through water.
Your dull iron-grey scales are very hard (AC +13).
Your body does not fit into most forms of armour.
You can survive without breathing.
You are cold-blooded and may be slowed by cold attacks.


   Skills:
 + Level 12.1 Fighting
 - Level 10.0 Dodging
 - Level 6.0 Stealth
 - Level 6.5 Spellcasting
 - Level 8.0 Conjurations
 - Level 4.0 Charms
 - Level 4.4 Necromancy
 - Level 8.2 Fire Magic
 - Level 12.0 Invocations


You had 9 spell levels left.
You knew the following spells:

 Your Spells              Type           Power        Failure   Level  Hunger
a - Flame Tongue          Conj/Fire      #####        1%          1    None
j - Sticky Flame          Conj/Fire      ######..     1%          4    None
k - Fireball              Conj/Fire      ######....   2%          5    ####...
l - Conjure Flame         Conj/Fire      ######..     1%          3    None
y - Regeneration          Chrm/Necr      #####.....   1%          3    None

Inventory:

Hand Weapons
 a - a +3 broad axe (weapon)
 g - a +0 blowgun
 K - a +0 scimitar
 N - the +3 rapier of the Harvest {speed, +Fly rElec Int-5 Dex+4} Attacks with this weapon are significantly faster. It affects your intelligence (-5). It affects your dexterity (+4). It insulates you from electricity. It lets you fly. Cheibriados disapproves of the use of such an item.
Missiles
 l - 3 throwing nets
 r - 108 poisoned needles
 L - 20 tomahawks
 Q - 9 curare-tipped needles
 Y - 13 javelins (quivered)
Armour
 f - a +0 cloak (worn)
 j - the +3 hat of Pondering (worn) {ponderous, MR+ MP+10 Int+5}

   It affects your intelligence (+5).
   It affects your resistance to hostile enchantments.
   It affects your magic capacity (+10).
 H - a +0 pair of boots (worn)
 R - a +0 pair of gloves (worn)
Jewellery
 d - a ring of positive energy (left hand)
 i - an amulet of faith (around neck)
 k - an uncursed ring of fire
 q - a ring of magical power (right hand)
 M - a +4 ring of evasion {unknown}
Wands
 D - a wand of digging (4/24)
 I - a wand of polymorph (14/24)
 X - a wand of paralysis (6/24)
Scrolls
 c - 7 scrolls of enchant armour
 e - a scroll of brand weapon
 h - 2 scrolls of magic mapping
 o - 6 scrolls of teleportation
 s - 3 scrolls of amnesia
 t - 2 scrolls of enchant weapon
 y - 3 scrolls of fear
 B - a scroll of recharging
 C - 3 scrolls of remove curse
 T - 2 scrolls of immolation
 U - a scroll of fog
Potions
 m - 5 potions of brilliance
 p - a potion of flight
 u - 9 potions of curing
 v - 6 potions of lignification
 x - a potion of might
 A - 2 potions of resistance
 E - a potion of ambrosia
 F - 2 potions of heal wounds
 O - 2 potions of magic
 V - a potion of cancellation {unknown}
 W - a potion of invisibility {unknown}
Comestibles
 b - 11 bread rations
 n - 16 royal jellies
 w - 5 meat rations
 z - 9 beef jerkies
 G - 10 fruits
 J - a chunk of flesh
 P - a slice of pizza

Dungeon Overview and Level Annotations

Branches:
Dungeon (13/15)            Temple (1/1) D:7            Lair (4/8) D:10
  Swamp (0/4) Lair:3       Spider (0/4) Lair:3          Orc (2/2) D:12
    Elf (0/3) Orc:2
 Vaults: D:13-14

Altars:
Ashenzari
Cheibriados
Dithmenos
Elyvilon
Fedhas
Gozag
Kikubaaqudgha
Makhleb
Nemelex Xobeh
Okawaru
Pakellas
Qazlal
Ru
Sif Muna
Trog
Vehumet
Xom
Yredelemnul
Zin
The Shining One

Shops:
D:4 ?****   D:7 =   D:8 [   Orc:2 (=?:

Annotations:
Lair:1 Grum
Lair:3 Uhlv's ghost, journeyman DDFi


Message History

The centaur skeleton closely misses you.
The ice beast falls through a shaft!
The shaft crumbles and collapses.
The centaur skeleton hits you but does no damage.
You hit the centaur skeleton. You tail-slap the centaur skeleton.
The centaur skeleton completely misses you.
The centaur skeleton hits you but does no damage.
You completely miss the centaur skeleton.
You tail-slap the centaur skeleton. The centaur skeleton hits you.
The centaur skeleton hits you but does no damage.
You hit the centaur skeleton.
The centaur skeleton hits you but does no damage.
The centaur skeleton completely misses you.
You slice the centaur skeleton!! The centaur skeleton barely misses you.
The centaur skeleton completely misses you.
You slash the centaur skeleton!
You destroy the centaur skeleton!
Cheibriados thoroughly appreciates the change of pace.
The centaur warrior shoots an arrow of flame.
The arrow of flame completely misses you.
The centaur warrior shoots an arrow of flame.
The arrow of flame hits you!
The arrow of flame burns you. 2 vault guards come into view.
The centaur warrior unwields an uncursed shortbow.
The centaur warrior closely misses you. The centaur warrior barely misses you.
The vault guard moves out of view.
The centaur warrior hits you but does no damage.
You see here a pair of gloves.
You barely miss the centaur warrior.
The centaur warrior is severely wounded.
The centaur warrior hits you!
The centaur warrior hits you but does no damage.
You are too injured to fight recklessly!
You are too injured to fight recklessly!
You are too injured to fight recklessly!
Are you sure you want to abandon this character and quit the game? (Confirm with "yes".)

#.......####.......#
#........##........#....
##.......##......)##....
##......##......##.....
##.....##.....##..%..#
##..........##...)..#
##..(.....##.(......
#####''#####pp)..... #..
#..##(@cp....... #.#
#.###(###%....##
#.###.....# #...##
#####.##)..#### ####
##...#....###
##.........#####
#.......<........
#......)%....####
.......)....##


You could see 3 vault guards and a centaur warrior.

Action                   |  1- 3 |  4- 6 |  7- 9 | 10-12 | 13-15 || total
-------------------------+-------+-------+-------+-------+-------++-------
Melee: Dagger            |    43 |    36 |    62 |       |       ||   141
       Scimitar          |       |       |   236 |   568 |   250 ||  1054
       Broad axe         |       |       |       |       |    38 ||    38
 Cast: Flame Tongue      |    63 |   140 |   268 |   262 |   106 ||   839
       Conjure Flame     |       |     4 |    15 |    43 |     6 ||    68
       Sticky Flame      |       |     1 |    24 |    72 |    57 ||   154
       Fireball          |       |       |       |     3 |    23 ||    26
       Regeneration      |       |       |       |     8 |     6 ||    14
Invok: Slouch            |       |       |       |     1 |     5 ||     6
Evoke: Wand              |       |       |       |       |     7 ||     7
  Use: Scroll            |     3 |       |     9 |    12 |     2 ||    26
 Stab: Sleeping          |       |     1 |     1 |     5 |     3 ||    10
       Distracted        |       |       |       |     2 |     1 ||     3
  Eat: Chunk             |     5 |     9 |    26 |    21 |    10 ||    71
       Pizza             |       |       |     2 |       |       ||     2
       Fruit             |       |       |       |       |     2 ||     2

Notes
Turn   | Place    | Note
--------------------------------------------------------------
     0 | D:1      | Duffy the Draconian Fire Elementalist began the quest for the Orb.
     0 | D:1      | Reached XP level 1. HP: 14/14 MP: 3/3
   201 | D:1      | Reached XP level 2. HP: 20/20 MP: 3/5
   532 | D:1      | Reached skill level 2 in Conjurations
  1308 | D:1      | Reached XP level 3. HP: 26/26 MP: 3/6
  1313 | D:1      | Learned a level 3 spell: Conjure Flame
  1604 | D:2      | Found an iron altar of Okawaru.
  1752 | D:2      | Reached skill level 3 in Conjurations
  2209 | D:2      | Found a white marble altar of Elyvilon.
  2294 | D:2      | Reached XP level 4. HP: 33/33 MP: 7/7
  2336 | D:2      | Learned a level 4 spell: Sticky Flame
  2476 | D:2      | Found an oddly glowing altar of Pakellas.
  3381 | D:3      | Reached XP level 5. HP: 36/38 MP: 8/8
  3458 | D:3      | Noticed Duffy's ghost (amateur DrFE)
  3614 | D:3      | Reached skill level 4 in Conjurations
  3614 | D:3      | Reached skill level 4 in Fire Magic
  3747 | D:3      | Found a stormy altar of Qazlal.
  3837 | D:3      | Found a glowing golden altar of the Shining One.
  4312 | D:3      | Killed Duffy's ghost
  4312 | D:3      | Reached XP level 6. HP: 45/45 MP: 2/9
  4550 | D:4      | Noticed Uhlv's ghost (amateur SpAr)
  4565 | D:4      | Killed Uhlv's ghost
  4565 | D:4      | Reached skill level 5 in Conjurations
  4565 | D:4      | Reached skill level 5 in Fire Magic
  4804 | D:4      | Found a shattered altar of Ashenzari.
  4870 | D:4      | Found Kann's Assorted Antiques.
  4895 | D:3      | Reached XP level 7. HP: 42/50 MP: 3/10
  4895 | D:3      | Gained mutation: You can survive without breathing. [Grey Draconian growth]
  5233 | D:4      | Found Ysaat's Assorted Antiques.
  5375 | D:4      | Found Lunil's General Store.
  5380 | D:4      | Bought a potion of heal wounds for 65 gold pieces
  5506 | D:4      | Reached skill level 6 in Conjurations
  5598 | D:4      | Found Xynuri's General Store.
  5691 | D:4      | Found Xest's Magic Scroll Shop.
  5699 | D:4      | Bought a scroll of teleportation for 42 gold pieces
  5699 | D:4      | Bought a scroll of magic mapping for 49 gold pieces
  5699 | D:4      | Bought a scroll of identify for 28 gold pieces
  5902 | D:5      | Entered Level 5 of the Dungeon
  5919 | D:5      | Reached skill level 6 in Fire Magic
  6167 | D:4      | Reached skill level 7 in Fire Magic
  6238 | D:5      | Reached XP level 8. HP: 49/57 MP: 8/11
  6429 | D:5      | Noticed Sigmund
  6437 | D:5      | Killed Sigmund
  6437 | D:5      | Reached skill level 7 in Conjurations
  6758 | D:5      | Noticed Eustachio
  6819 | D:5      | Found a stormy altar of Qazlal.
  7158 | D:4      | Reached skill level 8 in Conjurations
  7594 | D:6      | Noticed Duvessa
  7623 | D:6      | Killed Duvessa
  7623 | D:6      | Reached skill level 8 in Fire Magic
  7729 | D:6      | Found a sacrificial altar of Ru.
  7741 | D:6      | Killed Eustachio
  7741 | D:6      | Reached skill level 2 in Fighting
  7775 | D:6      | Noticed Dowan
  7836 | D:6      | Reached skill level 3 in Fighting
  7958 | D:6      | Reached XP level 9. HP: 67/71 MP: 12/12
  7993 | D:6      | Reached skill level 4 in Fighting
  8326 | D:6      | Reached skill level 5 in Fighting
  8378 | D:6      | Reached skill level 2 in Dodging
  8609 | D:6      | Killed Dowan
  8686 | D:7      | Reached skill level 3 in Dodging
  8804 | D:7      | Reached skill level 4 in Dodging
  8876 | D:7      | Noticed Menkaure
  9089 | D:6      | Killed Menkaure
  9166 | D:6      | Reached skill level 5 in Dodging
  9259 | D:7      | Reached skill level 2 in Stealth
  9462 | D:7      | Reached skill level 3 in Stealth
  9652 | D:7      | Reached skill level 6 in Fighting
 10119 | D:7      | Found Kiuf's Jewellery Shoppe.
 10169 | D:7      | Reached skill level 7 in Fighting
 10432 | D:7      | Found a shadowy altar of Dithmenos.
 10472 | D:7      | Found a staircase to the Ecumenical Temple.
 10498 | Temple   | Entered the Ecumenical Temple
 10753 | Temple   | Became a worshipper of Cheibriados the Contemplative
 10928 | D:4      | Bought a scroll of random uselessness for 14 gold pieces
 10940 | D:4      | Bought a scroll of identify for 28 gold pieces
 10940 | D:4      | Bought a scroll of identify for 28 gold pieces
 10940 | D:4      | Bought a scroll of identify for 28 gold pieces
 11246 | D:8      | Reached XP level 10. HP: 86/86 MP: 7/13
 11540 | D:8      | Reached * piety under Cheibriados
 11604 | D:8      | Reached skill level 6 in Dodging
 12104 | D:8      | Found Etoalo's Antique Armour Shoppe.
 12219 | D:8      | Learned a level 5 spell: Fireball
 12230 | D:8      | Reached ** piety under Cheibriados
 12321 | D:8      | Reached skill level 3 in Spellcasting
 12494 | D:8      | Noticed Gastronok
 12524 | D:8      | Killed Gastronok
 12524 | D:8      | Reached skill level 6 in Spellcasting
 12807 | D:8      | Reached skill level 8 in Fighting
 13274 | D:8      | Learned a level 3 spell: Regeneration
 13336 | D:9      | Reached *** piety under Cheibriados
 13489 | D:9      | Reached skill level 1 in Charms
 13567 | D:9      | Reached skill level 1 in Necromancy
 13632 | D:9      | Reached **** piety under Cheibriados
 13800 | D:9      | Reached XP level 11. HP: 95/95 MP: 20/20
 13863 | D:9      | Reached skill level 1 in Invocations
 14043 | D:9      | Reached skill level 2 in Invocations
 14099 | D:9      | Noticed a hill giant
 14123 | D:9      | Killed a hill giant
 14123 | D:9      | Reached skill level 3 in Invocations
 14343 | D:9      | Reached skill level 4 in Invocations
 14607 | D:9      | Reached ***** piety under Cheibriados
 14648 | D:10     | Entered Level 10 of the Dungeon
 14655 | D:10     | Found a staircase to the Lair.
 14675 | D:10     | Reached skill level 5 in Invocations
 15164 | D:10     | Found a bloodstained altar of Trog.
 15234 | D:10     | Reached skill level 6 in Invocations
 15905 | D:4      | Bought a scroll labeled GEHEXE ZOREOFE for 18 gold pieces
 15976 | D:4      | Bought a scroll of identify for 28 gold pieces
 16153 | Lair:1   | Entered Level 1 of the Lair of Beasts
 16160 | D:10     | Reached skill level 7 in Invocations
 16439 | Lair:1   | Reached skill level 8 in Invocations
 16609 | Lair:1   | Noticed Grum
 16869 | Lair:2   | Reached skill level 9 in Invocations
 17239 | Lair:2   | Reached ****** piety under Cheibriados
 17602 | Lair:2   | Reached skill level 10 in Invocations
 17735 | Lair:2   | Noticed a four-headed hydra
 17744 | Lair:2   | Killed a six-headed hydra
 17744 | Lair:2   | Reached skill level 7 in Dodging
 18313 | Lair:3   | Reached XP level 12. HP: 80/103 MP: 21/21
 18501 | Lair:3   | Found a hole to the Spider Nest.
 18541 | Lair:3   | Noticed Uhlv's ghost (journeyman DDFi)
 18548 | Lair:4   | Found an oddly glowing altar of Pakellas.
 18801 | Lair:4   | Noticed Urug
 18804 | Lair:4   | Reached skill level 8 in Dodging
 18815 | Lair:4   | Killed Urug
 19127 | Lair:4   | Reached skill level 9 in Dodging
 19240 | Lair:4   | Noticed Maud
 19250 | Lair:4   | Killed Maud
 19420 | Lair:4   | Noticed a four-headed hydra
 19426 | Lair:4   | Killed a four-headed hydra
 19426 | Lair:4   | Reached skill level 10 in Dodging
 19536 | Lair:4   | Reached skill level 9 in Fighting
 20127 | Lair:4   | Reached skill level 10 in Fighting
 20276 | Lair:4   | Reached skill level 2 in Charms
 20276 | Lair:4   | Reached skill level 2 in Necromancy
 20742 | Lair:3   | Found a staircase to the Swamp.
 20804 | Lair:2   | Reached skill level 3 in Necromancy
 20903 | Lair:1   | Reached skill level 3 in Charms
 21335 | D:11     | Reached skill level 4 in Necromancy
 21508 | D:11     | Reached skill level 4 in Charms
 21530 | D:11     | Reached XP level 13. HP: 113/113 MP: 22/22
 21974 | D:11     | Reached skill level 4 in Stealth
 22262 | D:12     | Noticed Kirke
 22268 | D:12     | Killed Kirke
 22268 | D:12     | Reached skill level 5 in Stealth
 22495 | D:12     | Reached skill level 6 in Stealth
 22962 | D:12     | Found a staircase to the Orcish Mines.
 23037 | Orc:1    | Entered Level 1 of the Orcish Mines
 23041 | Orc:2    | Entered Level 2 of the Orcish Mines
 23076 | Orc:2    | Found a frozen archway.
 23085 | IceCv    | Entered an ice cave
 23097 | IceCv    | Reached skill level 11 in Invocations
 23542 | Orc:2    | Noticed a stone giant
 23706 | Orc:1    | Killed a stone giant
 24677 | Orc:2    | Reached skill level 12 in Invocations
 25068 | Orc:2    | Found Nublim's Weapon Shop.
 25068 | Orc:2    | Found Erenume's Book Boutique.
 25068 | Orc:2    | Found Qozxaq's Jewellery Shop.
 25073 | Orc:2    | Found Paurrego's Magic Scroll Boutique.
 25881 | D:12     | Reached skill level 11 in Fighting
 26414 | D:13     | Got a brightly glowing rapier
 26415 | D:13     | Identified the cursed +3 rapier of the Harvest {speed, +Fly rElec Int-5 Dex+4} (You found it on level 13 of the Dungeon)
 26455 | D:13     | Noticed Sonja
 26459 | D:13     | Killed Sonja
 26626 | D:13     | Noticed a vault guard
 26626 | D:13     | Reached skill level 12 in Fighting
 26629 | D:13     | Noticed a vault guard
 26638 | D:13     | Noticed a vault guard
 26638 | D:13     | Noticed a vault guard
 26640 | D:13     | Quit the game

Vault maps used:
D:1:      scummos_arrival_star, serial_forest, infiniplex_forest_lined_ring,
          infiniplex_forest_lined_room_, infiniplex_forest_end_2,
          infiniplex_forest_clump_small, infiniplex_forest_end_double,
          infiniplex_forest_clump_small, infiniplex_forest_fountain,
          infiniplex_forest_lined_room_3, infiniplex_forest_lined_4_way,
          serial_bayou_ford_a
D:2:      grunt_pakellas_salt, nicolae_overflow_crystal_walls,
          overflow_temple_1_default, minmay_rat_hole
D:3:      overflow_temple_1_default, lemuel_crystal_altar, st_stairs_9
D:4:      overflow_temple_1_default, serial_shops, kennysheep_little_box,
          shop_statue, nicolae_shop_behind_doors, nicolae_shop_behind_doors,
          nicolae_shop_behind_doors, nrook_uturn, grunt_ministairs_12
D:5:      first_bread, grunt_qazlal_sundering, uniq_sigmund, uniq_eustachio
D:6:      nicolae_ru_awakened_eye, minmay_misc_feat_diagonals, uniq_duvessa
D:7:      grunt_dithmenos_smoke, minmay_temple_entry_large_hall, serial_shops,
          shop, uniq_menkaure
D:8:      kennysheep_six_static_rooms, serial_shops, shop, grunt_ogre_cave,
          uniq_gastronok
D:9:      grunt_potential
D:10:     minmay_lair_entry_lava, basic_altar
D:12:     orc_0_dummy, special_room, uniq_kirke
D:13:     lightli_vaults_fourway_checkpoint, kennysheep_cross_room, uniq_sonja
Temple:   circular_temple_12
Lair:1:   infiniplex_staircase_pool_2, grunt_megastairs_4, uniq_grum
Lair:2:   grunt_forest_small_clearing_treed
Lair:3:   swamp_mist_pool, nicolae_spider_entry_orb_guardian,
          minmay_stone_trees_small, uniq_rupert
Lair:4:   basic_altar, lemuel_fruit_tree, grunt_megastairs_1, uniq_urug,
          uniq_maud
Orc:2:    st_orc_mages, portal_ice_cave_entry_pillars_02
IceCv:    ice_cave_caverns_02

Vanquished Creatures
  Gastronok Kirke Maud
  A stone giant
  2 hydras
  3 orc high priests Sonja Urug
  2 unseen horrors
  4 hill giants
  An orb spider
  A deep elf mage
  2 ugly things
  A cyclops
  5 spiny frogs
  5 komodo dragons
  A rime drake
  A kobold demonologist
  A queen bee
  A two-headed ogre
  4 trolls
  A polar bear
  9 blink frogs Sigmund
  27 yaks
  A shadow
  5 wyverns
  6 hogs
  A vampire
  7 hippogriffs
  3 basilisks Eustachio
  The ghost of Duffy the Magician, an amateur DrFE Menkaure
  11 wolves
  A warg Duvessa
  3 water moccasins
  2 hell hounds
  12 orc warriors
  The ghost of Uhlv the Charlatan, an amateur SpAr
  5 sky beasts
  9 porcupines
  4 black bears
  4 ice beasts
  A wasp
  3 phantoms
  12 ogres
  6 centaurs
  11 crocodiles
  18 giant frogs
  5 big kobolds
  2 gnoll sergeants Dowan
  4 scorpions
  29 killer bees
  7 howler monkeys
  3 electric eels
  3 centaur zombies
  8 crimson imps
  5 giant frog zombies
  4 jellies
  18 orc priests
  2 centaur skeletons
  2 gnoll shamans
  7 hounds
  3 giant frog skeletons
  10 iguanas
  25 orc wizards
  11 worker ants
  3 sheep
  A hound zombie
  20 gnolls
  A howler monkey skeleton
  19 adders
  24 river rats
  6 shadow imps
  2 oozes
  2 adder skeletons
  2 worms
  2 dart slugs
  5 giant geckos
  95 orcs
  5 giant cockroaches
  12 hobgoblins
  23 kobolds
  5 quokkas
  8 bats
  A giant cockroach zombie
  6 giant newts
  8 goblins
  A jackal skeleton
  A quokka skeleton
  28 rats
  2 fungi
639 creatures vanquished.
